 Dungeon Crawl Stone Soup version 0.30-a0-718-geaa24f58ff (webtiles) character file.

Game seed: 7426846222376645018

554 MackTheKnife the Sneak (level 7, 0/54 HPs)
             Began as a Kobold Wanderer on Jan 25, 2023.
             Succumbed to Dowan's poison
             ... on level 4 of the Dungeon.
             The game lasted 00:07:03 (4016 turns).

MackTheKnife the Sneak (Kobold Wanderer)            Turns: 4016, Time: 00:07:04

Health: 0/54       AC:  5    Str:  7    XL:     7   Next: 55%
Magic:  7/7        EV: 17    Int: 13    God:
Gold:   216        SH:  0    Dex: 19    Spells: 6/6 levels left

rFire   . . .      SeeInvis +    t - +4 dagger {short}
rCold   . . .      Faith    .    (no shield)
rNeg    . . .      Spirit   .    e - +0 leather armour
rPois   .          Reflect  .    z - +0 helmet
rElec   .          Harm     .    (no cloak)
rCorr   +          Rampage  .    o - +0 pair of gloves
Will    .....                    (no boots) Stlth
                                 h - amulet of magic regeneration {@e2}
HPRegen 0.29/turn                k - ring of see invisible
MPRegen 0.50/turn                n - ring of resist corrosion

@: brilliant, berserking (expiring), lethally poisoned (0 -> -17), very quick
A: small, no large weapons, nightstalker 3
a: no special abilities


You were on level 4 of the Dungeon.
You visited 1 branch of the dungeon, and saw 4 of its levels.
You also visited: Ossuary.

You collected 216 gold pieces.


Innate Abilities, Weirdness & Mutations

You are small and have problems with some larger weapons.
You are completely attuned to the shadows.


   Skills:
 + Level 6.8 Short Blades
 - Level 2.1 Throwing
 - Level 6.0 Dodging
 + Level 7.4 Stealth
 - Level 2.0 Unarmed Combat
 - Level 1.2 Evocations


You had 6 spell levels left.
You didn't know any spells.
Your spell library contained the following spells:

 Spells                   Type           Power      Damage    Failure   Level
 Shock                    Conj/Air       0%         1d3       43%         1
 Swiftness                Air            0%         N/A       80%         3
 Vhi's Electric Charge    Tloc/Air       0%         N/A       80%         3
 Airstrike                Air            0%         2d(0-16)  99%         4
 Metabolic Englaciation   Hex/Ice        0%         N/A       100%        5
 Simulacrum               Ice/Necr       0%         N/A       100%        6

Inventory:

Hand Weapons
 t - a +4 dagger (weapon) {short}
   (You took it off a goblin on level 2 of the Dungeon)
 v - a +0 falchion of protection {long}
   (You took it off Terence on level 2 of the Dungeon)
Missiles
 b - 4 throwing nets (quivered) {=f!fthrowing}
Armour
 e - a +0 leather armour (worn)
 l - a +0 leather armour
   (You found it on level 1 of the Dungeon)
 m - a +0 robe
   (You found it on level 1 of the Dungeon)
 o - a +0 pair of gloves (worn)
   (You found it on level 1 of the Dungeon)
 s - a +0 robe
   (You found it on level 2 of the Dungeon)
 w - a +0 chain mail
   (You took it off Terence on level 2 of the Dungeon)
 x - a +0 chain mail
   (You found it on level 2 of the Dungeon)
 z - a +0 helmet (worn)
   (You found it on level 4 of the Dungeon)
 A - a +0 ring mail
   (You found it on level 4 of the Dungeon)
 D - a +0 ring mail
   (You found it on level 4 of the Dungeon)
Jewellery
 h - an amulet of magic regeneration (around neck) {@e2}
   (You found it on level 1 of the Dungeon)
 k - a ring of see invisible (left hand)
   (You found it on level 1 of the Dungeon)
 n - a ring of resist corrosion (right hand)
   (You found it on level 1 of the Dungeon)
Scrolls
 a - a scroll of immolation {!r!r}
 c - 4 scrolls of teleportation {@r4}
 d - 4 scrolls of blinking {!r}
 i - 2 scrolls of enchant weapon
 p - 2 scrolls of magic mapping {!r}
 q - 2 scrolls of poison {!r}
 y - a scroll of fog {unknown}
Potions
 f - 3 potions of attraction {!q}
 g - 3 potions of curing {@q1}
 j - a potion of brilliance
 r - a potion of berserk rage {!q}
 u - a potion of cancellation {unknown}
 B - 2 potions of heal wounds {unknown}
 C - 2 potions of invisibility {unknown}

Dungeon Overview and Level Annotations

Branches:
Dungeon (4/15) Zot: 20574 Ossuary (visited)
 Temple: D:4-7

Altars:
Fedhas
Qazlal
Wu Jian
Xom

Shops:
D:2 [   D:4 [*

Annotations:
D:4 Dowan

######*****#....##.........,,,***
#.........,,*,,,,,,,,*
******#.......#*,,,,,,,,,*,*
******,*,,,.......##,,,,,,,,,**,*
,,**,,*,,,,........##,,,,,,,,,,,,
,,+,****,,,..........,,,,*****,,,
,,*** **,,..........*****,,,****
*** ****###......',,,,,_,,,,,
*##@###.*****,,,****
#.e..#*,,,,,*****,,,
*************#..###*,,,,,,,,,,,**
,,,,,,,,,,,,*#..***,,,,,,,,*****
,,,,****,,*,,...,***>,,,,,,***
,**<,,**,,*,,,,,,**,,,**,*,,,**
,,,,,,,,,,**,,,,,,,,,,,***,,,,*
,,,,,,,,****,,,,,*,,*,,**,,,,**
,,,,,,,,,,,,,,*,**,,,,,,,,,*** **


You could see Dowan (fast).


Message History

Key pressed, stopping explore.
Duvessa, Sister of Dowan comes into view.
She is wielding a +3 short sword and carrying a wand of roots (6).
Duvessa shouts!
You hear a shout!
You aren't carrying any items that you can evoke.
Unknown command.
It was a potion of brilliance.
You feel clever all of a sudden.
Duvessa zaps a wand.
The roots erupt in riotous growth!
The grasping roots grab you! The grasping roots constrict you.
You hear an angry hiss. 😕 HP[-4]
You take 4 damage, and now have 32/36 hp.
It was a potion of berserk rage.
A red film seems to cover your vision as you go berserk!
You feel yourself moving faster!
You feel mighty! The grasping roots constrict you.
The grasping roots release their grip on you. 😕 HP[+11]
You now have 54 max hp (+18).
You regained 11 hp, and now have 43/54 hp.
You closely miss Duvessa. You puncture Duvessa!
Duvessa zaps a wand.
The roots erupt in riotous growth!
The grasping roots grab you!
Duvessa is unaffected.
The grasping roots constrict you.
You puncture Duvessa! You punch Duvessa. 😮 HP[-3]
You take 3 damage, and now have 40/54 hp.
Unknown command.
You barely miss Duvessa. Duvessa hits you with a +3 short sword.
The grasping roots constrict you. 😮 HP[-7]
You take 7 damage, and now have 33/54 hp.
Unknown command.
You hit Duvessa.
Unknown command.
You puncture Duvessa! Duvessa completely misses you.
The grasping roots constrict you. 😮 HP[-2]
You take 2 damage, and now have 31/54 hp.
Unknown command.
You puncture Duvessa!
You kill Duvessa!
You hear a distant wail of despair.
Unknown command.
Dowan, Brother of Duvessa comes into view.
He is wielding a +2 dagger of venom.
Dowan shouts!
Dowan seems to find hidden reserves of power!
Dowan hits you with a +2 dagger of venom.
You are poisoned.
Items here: ! ) / [ †.
You puncture Dowan! Your punch misses Dowan.
You feel sick.
Dowan hits you with a +2 dagger of venom.
* * * LOW HITPOINT WARNING * * *
😨 HP[-9]
You take 9 damage, and now have 22/54 hp.
Unknown command.
You closely miss Dowan.
You feel sick. 😨 HP[-1]
You take 1 damage, and now have 21/54 hp.
Unknown command.
You barely miss Dowan.
You feel sick.
Dowan hits you with a +2 dagger of venom.
* * * LOW HITPOINT WARNING * * *
You are lethally poisoned! 😨 HP[-7]
You take 7 damage, and now have 14/54 hp.
You puncture Dowan!
* * * LOW HITPOINT WARNING * * *
You feel sick. Dowan barely misses you. 😱 HP[-1]
You take 1 damage, and now have 13/54 hp.
Unknown command.
You barely miss Dowan.
* * * LOW HITPOINT WARNING * * *
You feel sick. 😱 HP[-2]
You take 2 damage, and now have 11/54 hp.
Unknown command.
You miss Dowan.
* * * LOW HITPOINT WARNING * * *
You feel sick.
Dowan hits you with a +2 dagger of venom.
* * * LOW HITPOINT WARNING * * *
You are more poisoned. 😱 HP[-6]
You take 6 damage, and now have 5/54 hp.
You miss Dowan.
* * * LOW HITPOINT WARNING * * *
You feel very sick. Dowan completely misses you. 😱 HP[-3]
You take 3 damage, and now have 2/54 hp.
Unknown command.
You are too berserk!
You puncture Dowan!
You die...

Skill      XL: |  1  2  3  4  5  6  7 |
---------------+----------------------+-----
Short Blades   | 1 2 3 4 6 |  6.8
Stealth        | 1 2 3 4 5 6 7 |  7.4
Throwing       | |  2.1
Dodging        | |  6.0
Unarmed Combat | |  2.0
Evocations     | |  1.2

Action                     |  1- 3 |  4- 6 |  7- 9 || total
---------------------------+-------+-------+-------++-------
  Melee: Dagger            |    88 |   226 |    24 ||   338
         Falchion          |       |    28 |       ||    28
         Punch             |       |     2 |     1 ||     3
    Use: Scroll            |     1 |     8 |       ||     9
         Potion            |       |       |     2 ||     2
   Stab: Sleeping          |    14 |    28 |     6 ||    48
         Distracted        |       |       |     1 ||     1
 Armour: Leather armour    |    16 |    51 |       ||    67
  Dodge: Dodged            |    78 |   163 |     4 ||   245

Levels and vault maps discovered:
D:1:      saegor_arrival_simple_e, layout_basic
D:2:      layout_basic, serial_shops, nicolae_square_shop, uniq_terence
D:3:      layout_basic, general_overflow_altar, kennysheep_generic_room_14
D:4:      layout_cave_pools, grunt_temple_overflow_forces_of_nature,
          mainiacjoe_overflow_six_doors_small,
          mainiacjoe_overflow_surrounded_room, nicolae_ossuary_entry_catacombs,
          serial_shops, nicolae_stop_n_shop_2, minmay_misc_feat_ornament,
          nicolae_shop_overcharged_wands, uniq_duvessa, uniq_crazy_yiuf_cottage

Notes
Turn   | Place    | Note
-------+----------+-------------------------------------------
     0 | D:1      | MackTheKnife the Kobold Wanderer began the quest for the
                  | Orb.
     0 | D:1      | MackTheKnife set off with the following items: a +0 dagger
                  | {short}, 4 throwing nets {=f!fthrowing}, 2 scrolls of
                  | teleportation {@r4}, a scroll of blinking {!r}, a +0
                  | leather armour.
     0 | D:1      | Reached XP level 1. HP: 10/10 MP: 1/1
     0 | D:1      | magus.rc [v1.9.6]
   166 | D:1      | Reached skill level 1 in Short Blades
   166 | D:1      | Reached skill level 1 in Stealth
   291 | D:1      | Reached XP level 2. HP: 15/15 MP: 2/2
   590 | D:1      | Reached skill level 2 in Stealth
  1035 | D:2      | Reached skill level 2 in Short Blades
  1099 | D:2      | Reached XP level 3. HP: 19/19 MP: 3/3
  1110 | D:2      | You pick up a book of Air and begin reading...
  1110 | D:2      | You add the spells Shock, Swiftness and Airstrike to your
                  | library.
  1121 | D:2      | Found Ratsih Afitu's Antique Armour Shop.
  1466 | D:2      | You add the spells Vhi's Electric Charge, Metabolic
                  | Englaciation and Simulacrum to your library.
  1466 | D:2      | Got the Secrets of Austromancy and Cryomancy
  1595 | D:2      | Noticed Terence
  1615 | D:2      | Killed Terence
  1616 | D:2      | Reached skill level 3 in Short Blades
  1616 | D:2      | Reached skill level 3 in Stealth
  1616 | D:2      | Reached XP level 4. HP: 11/24 MP: 4/4
  2210 | D:3      | Reached skill level 4 in Stealth
  2243 | D:3      | Found an ornate altar of the Wu Jian Council.
  2498 | D:3      | Reached XP level 5. HP: 28/28 MP: 5/5
  2929 | D:4      | Found a blossoming altar of Fedhas.
  2947 | D:4      | HP: 7/28 [iguana (6)]
  2955 | D:4      | Reached skill level 4 in Short Blades
  3064 | D:4      | Found a stormy altar of Qazlal.
  3093 | D:4      | Found a sand-covered staircase.
  3096 | D:4      | Reached skill level 5 in Stealth
  3098 | Ossuary  | Entered an ossuary
  3382 | Ossuary  | Reached XP level 6. HP: 32/32 MP: 6/6
  3392 | Ossuary  | Reached skill level 5 in Short Blades
  3418 | Ossuary  | HP: 7/32 [mummy (2)]
  3419 | Ossuary  | Reached skill level 6 in Stealth
  3753 | D:4      | Reached skill level 6 in Short Blades
  3753 | D:4      | Reached XP level 7. HP: 36/36 MP: 7/7
  3826 | D:4      | Found Qacao's Antique Armour Shoppe.
  3833 | D:4      | Reached skill level 7 in Stealth
  3940 | D:4      | Found a shimmering altar of Xom.
  3965 | D:4      | Found Origolar's Overcharged Wands.
  3996 | D:4      | Noticed Duvessa
  4007 | D:4      | Killed Duvessa
  4008 | D:4      | Noticed Dowan
  4012 | D:4      | HP: 13/54 [poisoned by Dowan]
  4014 | D:4      | HP: 5/54 [Dowan/+2 dagger of venom (5)]
  4015 | D:4      | HP: 2/54 [poisoned by Dowan]
  4016 | D:4      | Succumbed to Dowan's poison

Vanquished Creatures
  Duvessa (D:4)
  An elf zombie (Ossuary)
  An elf skeleton (D:4)
  2 centaur zombies (Ossuary)
  A hound (D:4)
  Terence (D:2)
  2 human skeletons (D:4)
  An iguana (D:4)
  A mummy (Ossuary)
  A gnoll (D:2)
  2 adders (D:3)
  An ufetubus (D:4)
  An adder zombie (Ossuary)
  A worm (D:2)
  A dart slug (D:3)
  An orc (D:3)
  8 bats
  2 endoplasms
  A giant cockroach (D:3)
  3 hobgoblins
  3 jackals (D:3)
  5 quokkas
  5 ball pythons
  3 frilled lizards
  8 goblins
  4 goblin zombies (Ossuary)
  9 hobgoblin zombies (Ossuary)
  2 jackal zombies (Ossuary)
  7 kobolds
  11 kobold zombies (Ossuary)
  9 orc zombies
  7 rats
  A rat zombie (Ossuary)
107 creatures vanquished.

Vanquished Creatures (others)
  3 fungi (D:4)
  3 plants (D:4)
6 creatures vanquished.

Grand Total: 113 creatures vanquished

Table legend:
 A = Non-vault XP
 B = Vault XP
 C = Vault XP percentage of total XP
 D = Non-vault monster count
 E = Vault monster count
 F = Vault count percentage of total count
                 A         B        C        D         E       F
            +---------+---------+-------+---------+---------+-------
      Total |     216 |     576 |  72.7 |      60 |      47 |  43.9
            +---------+---------+-------+---------+---------+-------
        D:1 |      24 |       0 |   0.0 |      17 |       0 |   0.0
        D:2 |      42 |      36 |  46.2 |      16 |       1 |   5.9
        D:3 |      56 |       3 |   5.1 |      18 |       1 |   5.3
        D:4 |      94 |     305 |  76.4 |       9 |       7 |  43.8
    Ossuary |       0 |     232 | 100.0 |       0 |      38 | 100.0
            +---------+---------+-------+---------+---------+-------

Illustrated notes

Table legend:
 A = Kills in this place as a percentage of kills in entire the game.
 B = Kills by you in this place as a percentage of kills by you in the entire game.
 C = Kills by friends in this place as a percentage of kills by friends in the entire game.
 D = Other kills in this place as a percentage of other kills in the entire game.
 E = Experience gained in this place as a percentage of experience gained in the entire game.
 F = Experience gained in this place divided by the number of levels of this place that you have seen.
                   A       B       C       D       E      F
               +-------+-------+-------+-------+-------+----------------------
         Total | 100.0 | 100.0 |   N/A |   N/A | 100.0 | 158.4
       Dungeon |  64.5 |  64.5 |   N/A |   N/A |  70.7 | 140.0
       Ossuary |  35.5 |  35.5 |   N/A |   N/A |  29.3 | 232.0
               +-------+-------+-------+-------+-------+----------------------

Table legend: (Time is in decaauts)
 A = Elapsed time spent in this place.
 B = Non-inter-level travel time spent in this place.
 C = Inter-level travel time spent in this place.
 D = Time resting spent in this place.
 E = Time spent auto-exploring this place.
 F = Levels seen in this place.
 G = Mean time per level.
                   A        B        C        D        E       F      G
               +--------+--------+--------+--------+--------+-----+--------+
         Total |   3948 |   3862 |     86 |    280 |   2670 |   5 |  789.6 |
       Dungeon |   3425 |   3339 |     86 |    275 |   2474 |   4 |  856.2 |
       Ossuary |    522 |    522 |      0 |      5 |    196 |   1 |  522.0 |
               +--------+--------+--------+--------+--------+-----+--------+

Top non-repeatable levels by time:
     D:2: 1056 daAuts
     D:1: 963 daAuts
     D:3: 798 daAuts
     D:4: 606 daAuts
 Ossuary: 522 daAuts
